 Dungeon Crawl Stone Soup version 0.29.1-2-gbd0b4ee654 (webtiles) character file.

Game seed: 768994558885551431

2 Icepheonix32 the Insei (level 1, -3/13 HPs)
             Began as an Octopode Transmuter on Nov 20, 2022.
             Slain by a quokka (4 damage)
             ... on level 1 of the Dungeon.
             The game lasted 00:00:09 (108 turns).

Icepheonix32 the Insei (Octopode Transmuter)         Turns: 108, Time: 00:00:10

Health: -3/13      AC:  1    Str:  9    XL:     1   Next: 30%
Magic:  2/3        EV: 13    Int: 15    God:
Gold:   12         SH:  0    Dex: 12    Spells: 3/4 levels left

rFire   . . .      SeeInvis .     - Unarmed
rCold   . . .      Faith    .   (no shield)
rNeg    . . .      Spirit   .   (helmet currently unavailable)
rPois   .          Reflect  .   (no amulet)
rElec   .          Harm     .   (no ring)
rCorr   .          Rampage  .   (no ring)
Will    .....                   (no ring)
Stlth   ++........              (no ring)
HPRegen 0.04/turn               (no ring)
MPRegen 0.08/turn               (no ring)
                                (no ring)
                                (no ring)

@: appendages (expiring)
A: tentacle spike 3, almost no armour, amphibious, 8 rings, camouflage 1,
gelatinous body 1, (nimble swimmer 1), tentacles
a: End Transformation


You were on level 1 of the Dungeon.
One of your tentacles had grown a beastly spike.
You visited 1 branch of the dungeon, and saw 1 of its levels.

You collected 12 gold pieces.

Inventory:

Potions
 a - a potion of lignification


   Skills:
 - Level 1.0 Fighting
 + Level 2.0 Dodging
 + Level 3.1 Unarmed Combat
 - Level 2.0 Spellcasting
 + Level 2.0 Transmutations


You had 3 spell levels left.
You knew the following spells:

 Your Spells              Type           Power      Damage    Failure   Level
a - Beastly Appendage     Tmut           14%        N/A       10%         1

Your spell library contained the following spells:

 Spells                   Type           Power      Damage    Failure   Level
 Wereblood                Tmut           7%         N/A       14%         2
 Spider Form              Tmut/Pois      4%         N/A       41%         3
 Ice Form                 Ice/Tmut       4%         N/A       82%         4


Dungeon Overview and Level Annotations

Branches:
Dungeon (1/15)

Altars:


Innate Abilities, Weirdness & Mutations

One of your tentacles has grown a beastly spike.
You cannot wear most types of armour.
You are amphibious.
You can wear up to eight rings at the same time.
Your skin changes colour to match your surroundings (Stealth+).
Your rubbery body absorbs attacks. (AC +1, EV +1)
((You are camouflaged when in or above water. (Stealth+)))
You have tentacles for arms and can constrict up to eight enemies at once.


Message History

Found 3 datura-tipped darts.
Found a faded altar of an unknown god.
No target in view!
You see here a +0 short sword.
A bat comes into view.
You see here 3 datura-tipped darts.
One of your tentacles grows a vicious spike.
The bat hits you. The bat hits you. The bat hits you but does no damage.
You tentacle-slap the bat. Your grab misses the bat.
The bat is severely wounded.
The bat hits you.
A quokka comes into view.
Found a viscous golden potion.
The bat barely misses you. x2
The quokka moves out of view.
You tentacle-slap the bat but do no damage.
Your grab misses the bat.
Your tentacle spike misses the bat.
The bat is severely wounded.
Your transformation is almost over.
The bat closely misses you.
A giant cockroach comes into view.
The bat completely misses you. The bat misses you.
There is a faded altar of an unknown god here.
You closely miss the bat. You grab the bat.
You pierce the bat, but do no damage.
The bat is severely wounded.
You constrict the bat.
You kill the bat!
The quokka bites you but does no damage.
You miss the quokka. You grab the quokka. You constrict the quokka.
The quokka bites you.
You are too injured to fight recklessly!
You are too injured to fight recklessly!
You are too injured to fight recklessly!
There are monsters nearby!
There are monsters nearby!
You are too injured to fight recklessly!
You release your grip on the quokka.
The quokka bites you.
* * * LOW HITPOINT WARNING * * *
The quokka bites you.
You die...

#.# #........
#.#####.#####...###.##
#........)...........#
..#
#####..##.###).###..#
..# #.###.##...# ..#
#.# #.##(#.# ..# #.#
####.### ..# #.# #.#
..# #.###.##@##.###
..### #.#......r....#
<.'.#####.#B#.......#^#
..#.......#.^.......^8#
..#######.####.....####
..# ### ##...## ..#
#...! ..# #.... ..#
#.##.#


You could see a quokka and a giant cockroach (asleep).

Vanquished Creatures
  A goblin (D:1)
  A bat (D:1)
2 creatures vanquished.

Notes
Turn   | Place    | Note
-------+----------+-------------------------------------------
     0 | D:1      | Icepheonix32 the Octopode Transmuter began the quest for
                  | the Orb.
     0 | D:1      | Reached XP level 1. HP: 13/13 MP: 3/3
    95 | D:1      | Found a faded altar of an unknown god.
   108 | D:1      | Slain by a quokka

Illustrated notes

Levels and vault maps discovered:
D:1:      giann_horns, layout_loops_ring,
          shapermc_ecumenical_altar_mp_highgroup, serial_shops, shop, shop,
          minmay_statues_item, minmay_misc_feat_columns, supply_closet_lemuel

Action                   || total
-------------------------++-------
Melee: Unarmed           ||     7
       Constrict         ||     2
       Kick              ||     2
 Cast: Beastly Appendage ||     3
Armor: Skin              ||     2
Dodge: Dodged            ||     6
